 Dungeon Crawl Stone Soup version 0.31-a0-233-g139696dc86 (webtiles) character file.

Game seed: 4990577941826627408

216236 Shard1697 the Warrior (level 19, 0/149 HPs)
             Began as a Djinni Fire Elementalist on July 8, 2023.
             Was an Initiate of Gozag.
             Slain by a ghost moth (13 damage)
             ... on level 4 of the Spider Nest.
             The game lasted 01:27:32 (38207 turns).

Shard1697 the Warrior (Djinni Fire Elementalist)   Turns: 38207, Time: 01:27:33

Health: 0/149      AC: 12    Str:  4 (7)  XL:     19   Next: 78%
Gold:   9986       EV: 19    Int: 28 (29) God:    Gozag SH: 13 Dex: 18 (20)

rFire   + + .        a - +3 greatsling "Punk" {acid, rCorr}
rCold   x . .        B - +0 kite shield
rNeg    . . .        U - +1 robe of Words of Power {Slay+4 Stlth+}
rPois   ∞            u - +3 hat of Pondering {ponderous, Will+ MP+10 Int+5}
rElec   .            n - +2 cloak
rCorr   +            o - +2 pair of gloves {Dex+3}
SInv    .            (boots unavailable)
Will    ++...        P - amulet of the acrobat
Stlth   ++++         X - ring of Salupp {Wiz Int+2 Slay+3}
HPRegen 0.44/turn    x - +4 ring of slaying
MPRegen 0.00/turn

%: acrobat, wizardry (x1), infuse magic (-1 HP)
@: death channelling, gold aura, flying, hasted, studying Unarmed Combat, very
quick
A: sickness immunity, fire resistance 2, cold vulnerability 1, float, innate
caster, HP casting, extra vitality 1
}: 1/15 runes: decaying
a: Renounce Religion, Potion Petition, Call Merchant, Bribe Branch


You were on level 4 of the Spider Nest.
You worshipped Gozag.
Gozag was greatly pleased with you.
You visited 5 branches of the dungeon, and saw 30 of its levels.
You also visited: Ossuary, Gauntlet and Volcano.

You collected 12759 gold pieces.
You spent 2683 gold pieces at shops.
You paid 90 gold pieces to Gozag.

Inventory:

Hand Weapons
 a - the +3 greatsling "Punk" (weapon) {acid, rCorr}
   (You found it on level 5 of the Dungeon)

   rCorr:     It protects you from acid and corrosion.
 b - the +10 trident of Guile {venom, *Noise rF+ Will+ Str+2}
   (You took it off a minotaur in a Gauntlet)

   Str:       It affects your strength (+2).
   rF:        It protects you from fire.
   *Noise:    It may make noises in combat.
   Will:      It increases your willpower.
Armour
 n - a +2 cloak (worn)
 o - a +2 pair of gloves of dexterity (worn)
 r - the +1 pair of gloves "Godd" {rCorr Int+5}
   (You found it in a volcano)

   Int:       It affects your intelligence (+5).
   rCorr:     It protects you from acid and corrosion.
 u - the +3 hat of Pondering (worn) {ponderous, Will+ MP+10 Int+5}
   (You took it off Gastronok on level 1 of the Lair of Beasts)

   Int:       It affects your intelligence (+5).
   MP:        It affects your magic capacity (+10).
   Will:      It increases your willpower.
 B - a +0 kite shield (worn)
 U - the +1 robe of Words of Power (worn) {Slay+4 Stlth+}
   (You bought it in a shop on level 2 of the Orcish Mines)

   Slay:      It affects your accuracy & damage with ranged weapons and melee
   (+4).
   Stlth:     It makes you more stealthy.
Jewellery
 w - a +4 ring of protection
 x - a +4 ring of slaying (right hand)
 J - the ring of Pyir {+Blink rC+ Int+6}
   (You bought it in a shop on level 9 of the Dungeon)

   [ring of intelligence]

   Int:       It affects your intelligence (+6).
   rC:        It protects you from cold.
   +Blink:    It lets you blink.
 P - an amulet of the acrobat (around neck)
 W - a ring of positive energy
 X - the ring of Salupp (left hand) {Wiz Int+2 Slay+3}
   (You found it on level 2 of the Lair of Beasts)

   [ring of wizardry]

   It improves your spell success rate.
   Int:       It affects your intelligence (+2).
   Slay:      It affects your accuracy & damage with ranged weapons and melee
   (+3).
Wands
 A - a wand of light (17)
 O - a wand of iceblast (15)
 Q - a wand of charming (11)
 T - a wand of digging (5)
Scrolls
 c - 7 scrolls of immolation
 d - 4 scrolls of poison
 m - 8 scrolls of revelation
 s - 13 scrolls of teleportation
 t - 6 scrolls of amnesia
 v - 2 scrolls of torment
 y - 2 scrolls of fog
 E - 2 scrolls of enchant weapon
 F - 4 scrolls of brand weapon
 H - 2 scrolls of enchant armour
 L - 7 scrolls of identify
 N - 6 scrolls of vulnerability
 Y - 2 scrolls of butterflies
Potions
 e - 8 potions of curing
 f - 4 potions of enlightenment
 g - 3 potions of lignification
 i - 2 potions of mutation
 j - 6 potions of attraction
 l - 4 potions of might
 p - 2 potions of resistance
 q - 4 potions of ambrosia
 D - 4 potions of haste
 S - 2 potions of invisibility
 V - 2 potions of brilliance
 Z - 3 potions of cancellation
Miscellaneous
 G - a lightning rod (4/4)
 R - a sack of spiders


   Skills:
 - Level 17.7 Fighting
 - Level 2.9 Staves
 - Level 15.0 Ranged Weapons
 + Level 14.6 Dodging
 - Level 6.3 Stealth
 + Level 13.2 Shields
 - Level 12.3 Spellcasting
 - Level 12.3 Conjurations
 - Level 12.3 Hexes
 - Level 12.3 Summonings
 - Level 12.3 Necromancy
 - Level 12.3 Translocations
 - Level 12.3 Transmutations
 - Level 12.3 Fire Magic
 - Level 12.3 Ice Magic
 - Level 12.3 Air Magic
 - Level 12.3 Earth Magic
 - Level 12.3 Poison Magic


You knew the following spells:

 Your Spells              Type           Power      Damage    Failure   Level
a - Leda's Unmaking       Conj/Erth      36%        9d6       5%          6
b - Scorch                Fire           100%       2d9       1%          2
c - Volatile Blastmotes   Fire/Tloc      100%       2d18      1%          3
d - Death Channel         Necr           36%        N/A       5%          6
e - Flame Wave            Conj/Fire      72%        2d16      1%          4
f - Summon Mana Viper     Hex/Summ       72%        N/A       1%          5
g - Mephitic Cloud        Conj/Pois/Air  72%        N/A       1%          3
h - Tukima's Dance        Hex            72%        N/A       1%          3
i - Poisonous Vapours     Pois/Air       100%       N/A       1%          2
j - Inner Flame           Hex/Fire       72%        N/A       1%          3
k - Foxfire               Conj/Fire      100%       2x1d9     1%          1
l - Apportation           Tloc           100%       N/A       1%          1
m - Dragon Form           Tmut           36%        N/A       28%         7
t - Airstrike             Air            36%        2d(6-22)  1%          4
Your spell library was empty.

Dungeon Overview and Level Annotations

Branches:
Dungeon (15/15)            Temple (0/1) D:5            Lair (5/5) D:8
  Swamp (4/4) Lair:2       Spider (4/4) Lair:2        Slime (0/5) Lair:4
    Orc (2/2) D:12            Elf (0/3) Orc:2        Vaults (0/5) D:14
 Depths (0/4) D:15        Ossuary (visited)         Volcano (visited)
Gauntlet (visited)

Altars:
Cheibriados
Dithmenos
Fedhas
Gozag
Hepliaklqana
Makhleb
Qazlal
Trog
Yredelemnul
Zin
The Shining One
Jiyva

Shops:
D:2 !   D:5 (   D:9 =   D:12 !   D:13 !   Orc:1 [   Orc:2 ?![(=

Annotations:
D:3 Ijyb
D:8 2 transporters, Rudyous's ghost, novice DsNe


Innate Abilities, Weirdness & Mutations

You are immune to sickness and miasma.
You are immune to poison.
Your flesh is very heat resistant. (rF++)
You are vulnerable to cold. (rC-)
You float through the air rather than walking.
You learn spells naturally, not from books.
Your magical power is your life essence.
You have superior vitality. (+4 MHP)


Message History

Press: ? - help, Q - select action, (/) - cycle Shift-Dir - straight line, f/p - wolf spider
Aim: a wolf spider (almost dead, covered in acid, 79% to hit)
You shoot a sling bullet. The sling bullet hits the wolf spider!!
You kill the wolf spider!
A glowing mist starts to gather...
You feel you are being watched by something.
Something barely misses you. Something completely misses you.
Something stings you!
Fire: a) +3 greatsling "Punk" {acid, rCorr}
Press: ? - help, Q - select action, (/) - cycle Shift-Dir - straight line, f - pharaoh ant
Aim: a pharaoh ant (83% to hit)
You shoot a sling bullet.
The sling bullet closely misses the pharaoh ant.
You feel you are being watched by something.
Something hits you!
You feel clumsy. Something hits you.
You feel weakened. Something closely misses you.
The pharaoh ant is distracted by your dazzling golden aura.
You feel you are being watched by something.
Something hits you!
You feel dopey. Something hits you but does no damage. Something stings you!
* * * LOW HITPOINT WARNING * * *
The pharaoh ant gives a chilling moan.
Okay, then.
You feel yourself speed up.
You feel you are being watched by something.
Something hits you!
* * * LOW HITPOINT WARNING * * *
Something hits you!
* * * LOW HITPOINT WARNING * * *
You feel weakened. Something closely misses you.
Your spectral wolf spider hits something!
Your spectral wolf spider bites something.
Something hits you!
You die...
Your body crumbles into a pile of gold.

#...........^.^~.≈.#
##..^..........^.....
#......^.......^..... #####
##.................... ##^^^###
##........^^.^.^.^^.^..
#^^.B.^####..^..~^^###########...
.^Z.^.ss^########.^.≈^.~..^...$..
...sBs$.^^B^~.s^^................
s.Z..s..#..)..B{@...........^^...
.......$.$.s..Z$...............$.
.~^....^#.$.^..^......^.~..^~....
###.^^~~.$........~^^^^#######^..
########^.~..~.^$##### ^...
########~^..^^ ... ~^..... .#
......... .=.....^^


You could see a radroach, a wolf spider (distracted, drained), a culicivora, a
pharaoh ant and a friendly spectral wolf spider.

Vanquished Creatures
  Arachne (Spider:4)
  Jorgrun (Swamp:2)
  2 tentacled monstrosities (Swamp:3)
  Rupert (Lair:5)
  A thorn hunter (Swamp:4)
  Gastronok (Lair:1)
  2 fenstrider witches (Swamp:3)
  2 emperor scorpions
  A ghoul (Swamp:3)
  2 orc warlords
  A very ugly thing (Swamp:4)
  An ironbound preserver (D:14)
  2 broodmothers (Spider:3)
  2 eleionomae
  6 bunyips
  A spark wasp (Spider:4)
  A minotaur (Gauntlet)
  2 green deaths (Swamp:4)
  A shambling mangrove (Swamp:2)
  The ghost of reriks the Blocker, a journeyman GrFi of Zin (Lair:2)
  2 great orbs of eyes (Swamp:4)
  5 entropy weavers
  A rakshasa (D:14)
  Erolcha (Orc:2)
  A merfolk avatar (Lair:5)
  An ogre mage (Orc:2)
  2 spriggan air magi (Swamp:3)
  A radroach (Spider:1)
  15 hydras
  A ghost crab (Swamp:3)
  A hell beast (Swamp:4)
  6 boulder beetles
  A death knight (D:15)
  2 catoblepae
  7 alligators
  2 tengu warriors (D:15)
  5 centaur warriors
  5 demonic crawlers
  8 two-headed ogres
  2 spriggan berserkers
  3 death yaks (Lair:4)
  A thrashing horror (Swamp:4)
  3 skysharks
  Sonja (Lair:5)
  A skeletal warrior (D:15)
  A sun moth (Spider:4)
  2 goliath frogs (Swamp:2)
  A pharaoh ant (Spider:4)
  8 orb spiders
  A death drake (Swamp:2)
  2 spriggan druids
  8 swamp dragons
  An obsidian statue (D:13)
  A lindwurm (Lair:5)
  A phantasmal warrior (D:15)
  2 orc knights (Orc:1)
  3 steelbarb worms
  A harpy (Lair:5)
  11 bog bodies
  2 large abominations (Swamp:4)
  Pikel (D:5)
  2 deep elf pyromancers
  3 manticores
  9 orc sorcerers (Orc:2)
  13 wolf spiders
  8 will-o-the-wisps
  6 cyclopes
  6 ugly things
  2 salamanders (Volcano)
  5 moths of wrath
  7 elephants
  2 black mambas (Lair:3)
  A molten gargoyle (Gauntlet)
  A gargoyle (Gauntlet)
  3 freezing wraiths
  Maggie (Lair:1)
  2 orange demons (Swamp:4)
  2 rime drakes (Lair:5)
  A torpor snail (Gauntlet)
  11 komodo dragons
  12 cane toads
  2 kobold demonologists (D:13)
  2 tengu conjurers (D:14)
  A bloated husk (Swamp:3)
  6 trolls
  A wind drake (Lair:5)
  3 polar bears
  16 tarantellas
  8 meliai
  3 tyrant leeches
  8 hornets
  7 blink frogs
  A jumping spider (shapeshifter) (D:14)
  29 jumping spiders
  3 wraiths
  18 slime creatures
  12 spriggans
  28 culicivoras
  2 vampires
  3 water elementals (D:13)
  Eustachio (D:5)
  8 shadows
  2 fire bats (Volcano)
  37 yaks
  8 wyverns
  A basilisk (D:13)
  4 steam dragons
  31 redbacks
  25 vampire mosquitoes
  8 wargs
  A small abomination (Swamp:4)
  16 swamp worms
  An acid dragon (D:9)
  10 water moccasins
  Duvessa (D:5)
  28 orc warriors
  A hell hound (Volcano)
  2 sky beasts
  6 black bears
  12 ogres
  28 wolves
  23 centaurs
  A lemure (D:5)
  A phantom (D:5)
  11 kobold brigands
  9 bullfrogs
  Blork the orc (D:4)
  2 gnoll sergeants
  3 scorpions
  A hornet simulacrum (D:15)
  8 wights
  Dowan (D:5)
  24 killer bees
  2 electric eels (D:13)
  6 howler monkeys
  A bullfrog zombie (D:4)
  A crimson imp (D:13)
  A quasit (D:13)
  4 jellies
  Crazy Yiuf (D:2)
  5 hounds
  12 orc priests
  A gnoll bouda (D:8)
  2 iron imps (D:13)
  2 sleepcaps
  Terence (D:2)
  43 orc wizards
  2 iguanas
  A hound zombie (Ossuary)
  4 mummies (Ossuary)
  Robin (D:4)
  17 gnolls
  4 adders
  2 shadow imps (D:6)
  A white imp (D:13)
  2 ufetubi
  An adder zombie (D:4)
  3 worms (D:2)
  4 dart slugs
  96 orcs
  11 endoplasms
  4 giant cockroaches
  2 gnoll zombies (Ossuary)
  16 goblins
  5 hobgoblins
  3 jackals (D:4)
  2 quokkas
  7 ball pythons
  9 bats
  A frilled lizard (D:1)
  A goblin zombie (Ossuary)
  A jackal zombie (Ossuary)
  36 kobolds
  3 kobold zombies (Ossuary)
  2 orc zombies (Ossuary)
  4 rats
  2 rat zombies (Ossuary)
1051 creatures vanquished.

Vanquished Creatures (collateral kills)
  3 ghost moths
  An emperor scorpion (Spider:4)
  Louise (Spider:4)
  A stone giant (D:15)
  3 spark wasps
  An entropy weaver (Spider:1)
  A hydra (Swamp:3)
  A radroach (Spider:3)
  2 ghost crabs
  A boulder beetle (D:13)
  An alligator (Swamp:1)
  A demonic crawler (Spider:4)
  7 death yaks (Lair:4)
  A sun moth (Spider:4)
  A pharaoh ant (Spider:4)
  2 swamp dragons (Swamp:4)
  An orb spider (Spider:3)
  2 bog bodies (Swamp:3)
  A steelbarb worm (Spider:4)
  4 ugly things (D:14)
  6 wolf spiders
  An elephant (Lair:4)
  3 torpor snails
  2 cane toads
  A komodo dragon (Lair:5)
  4 meliai (Spider:4)
  A tyrant leech (Swamp:3)
  3 blink frogs (Lair:4)
  7 tarantellas
  4 slime creatures
  4 jumping spiders
  4 culicivoras (Spider:4)
  A vampire (D:12)
  A wraith (D:15)
  3 yaks
  A wyvern (Lair:4)
  15 redbacks
  2 vampire mosquitoes
  An acid dragon (D:13)
  2 orc warriors (Orc:1)
  5 wolves
107 creatures vanquished.

Vanquished Creatures (others)
  A swamp dragon (Swamp:3)
  A harpy (Lair:5)
  A molten gargoyle (Gauntlet)
  A jumping spider (Spider:1)
  An orc wizard (D:3)
  An orc (D:9)
  214 foxfires
220 creatures vanquished.

Grand Total: 1378 creatures vanquished

Notes
Turn   | Place    | Note
-------+----------+-------------------------------------------
     0 | D:1      | Shard1697 the Djinni Fire Elementalist began the quest for
                  | the Orb.
     0 | D:1      | Shard1697 set off with the following spells memorised:
                  | Foxfire, Scorch, Volatile Blastmotes, Inner Flame, Flame
                  | Wave.
     0 | D:1      | Reached XP level 1. HP: 15/15 MP: 0/0
   124 | D:1      | Found a large runed translucent door.
   124 | D:1      | Found a large runed translucent door.
   124 | D:1      | Noticed an ogre
   125 | D:1      | Noticed an ogre
   133 | D:1      | Noticed an ogre
   136 | D:1      | Noticed an ogre
   185 | D:1      | Reached XP level 2. HP: 19/21 MP: 0/0
   350 | D:1      | Found a faded altar of an unknown god.
   447 | D:1      | Reached XP level 3. HP: 24/25 MP: 0/0
   447 | D:1      | Learned a level 1 spell: Apportation
   946 | D:2      | Found a runed translucent door.
   947 | D:2      | Noticed Crazy Yiuf
   966 | D:2      | Killed Crazy Yiuf
   967 | D:2      | Reached XP level 4. HP: 14/31 MP: 0/0
  1276 | D:2      | Found Yshrumiph's Distillery.
  1297 | D:2      | Bought a potion of heal wounds for 60 gold pieces
  1297 | D:2      | Bought a potion of degeneration for 12 gold pieces
  1619 | D:2      | Identified the +4 great sword of Ecveuceh {freeze, rCorr
                  | Str+2}
  1619 | D:2      | Noticed Terence
  1663 | D:2      | Killed Terence
  1664 | D:2      | Reached XP level 5. HP: 27/35 MP: 0/0
  1664 | D:2      | Learned a level 2 spell: Poisonous Vapours
  2016 | D:3      | Noticed Ijyb
  2256 | D:3      | Reached skill level 5 in Spellcasting
  2256 | D:3      | Reached skill level 5 in Conjurations
  2256 | D:3      | Reached skill level 5 in Hexes
  2256 | D:3      | Reached skill level 5 in Summonings
  2256 | D:3      | Reached skill level 5 in Necromancy
  2256 | D:3      | Reached skill level 5 in Translocations
  2256 | D:3      | Reached skill level 5 in Transmutations
  2256 | D:3      | Reached skill level 5 in Fire Magic
  2256 | D:3      | Reached skill level 5 in Ice Magic
  2256 | D:3      | Reached skill level 5 in Air Magic
  2256 | D:3      | Reached skill level 5 in Earth Magic
  2256 | D:3      | Reached skill level 5 in Poison Magic
  2256 | D:3      | Reached XP level 6. HP: 19/40 MP: 0/0
  2540 | D:4      | Identified a scroll of acquirement
  2540 | D:4      | Acquired a +2 pair of gloves of dexterity
  2584 | D:4      | Found a hazy altar of Hepliaklqana.
  2889 | D:4      | Noticed a steam dragon
  2900 | D:4      | Killed a steam dragon
  2901 | D:4      | Reached XP level 7. HP: 28/45 MP: 0/0
  2901 | D:4      | Learned a level 3 spell: Mephitic Cloud
  2984 | D:4      | Noticed Blork the orc
  3005 | D:4      | Killed Blork the orc
  3029 | D:4      | Found a sand-covered staircase.
  3034 | Ossuary  | Entered an ossuary
  3130 | Ossuary  | Reached skill level 1 in Fighting
  3208 | Ossuary  | Reached skill level 1 in Staves
  3517 | D:4      | Noticed Robin
  3540 | D:4      | Killed Robin
  3777 | D:4      | Found a blossoming altar of Fedhas.
  3777 | D:4      | Found an opulent altar of Gozag.
  3871 | D:4      | Became a worshipper of Gozag Ym Sagoz the Greedy
  3890 | D:5      | Entered Level 5 of the Dungeon
  3910 | D:5      | Reached XP level 8. HP: 53/54 MP: 0/0
  3928 | D:4      | Reached skill level 2 in Fighting
  4241 | D:5      | Found a glowing silver altar of Zin.
  4310 | D:5      | Noticed Eustachio
  4337 | D:5      | Killed Eustachio
  4395 | D:5      | Reached skill level 3 in Fighting
  4450 | D:5      | Found the +3 greatsling "Punk" {acid, rCorr}
  4534 | D:5      | Found a staircase to the Ecumenical Temple.
  4629 | D:5      | Reached skill level 1 in Ranged Weapons
  4721 | D:5      | Found a snail-covered altar of Cheibriados.
  4802 | D:5      | Reached XP level 9. HP: 18/61 MP: 0/0
  4802 | D:5      | Learned a level 3 spell: Tukima's Dance
  5000 | D:5      | Noticed Duvessa
  5004 | D:5      | Killed Duvessa
  5005 | D:5      | Noticed Dowan
  5007 | D:5      | Killed Dowan
  5149 | D:5      | Noticed Pikel
  5161 | D:5      | Killed Pikel
  5334 | D:5      | Found Latuux Muhi's Weapon Boutique.
  5759 | D:6      | Reached skill level 5 in Ranged Weapons
  5797 | D:6      | Reached XP level 10. HP: 63/67 MP: 0/0
  7347 | D:8      | Noticed a centaur warrior
  7351 | D:8      | Noticed Rudyous's ghost (novice DsNe)
  7352 | D:8      | Noticed a cyclops
  7416 | D:8      | Found a transporter.
  7418 | D:8      | Found a transporter.
  7474 | D:8      | Noticed a two-headed ogre
  7482 | D:8      | Killed a two-headed ogre
  7694 | D:8      | Found a stormy altar of Qazlal.
  7788 | D:8      | Identified the +1 ring mail "Isarid" {Stlth+}
  7795 | D:8      | Reached XP level 11. HP: 71/71 MP: 0/0
  7795 | D:8      | Learned a level 4 spell: Airstrike
  7857 | D:8      | Found a staircase to the Lair.
  8086 | D:8      | Reached skill level 10 in Ranged Weapons
  8714 | D:4      | Found a basalt altar of Yredelemnul.
  8972 | D:9      | Found Coxaps's One-of-a-Kind Rings.
  8980 | D:9      | Noticed a two-headed ogre
  9162 | D:9      | Noticed a two-headed ogre
  9178 | D:9      | Killed a two-headed ogre
  9221 | D:9      | Noticed a cyclops
  9530 | D:9      | Killed a cyclops
  9553 | D:9      | Noticed a manticore
  9557 | D:9      | Killed a manticore
  9573 | D:9      | Reached skill level 4 in Fighting
  9573 | D:9      | Noticed a two-headed ogre
  9579 | D:9      | Killed a two-headed ogre
  9614 | D:9      | Killed a two-headed ogre
  9615 | D:9      | Reached skill level 5 in Fighting
  9809 | D:9      | Reached XP level 12. HP: 81/81 MP: 0/0
  9884 | D:9      | Bought the ring of Pyir {+Blink rC+ Int+6} for 798 gold
                  | pieces
 10250 | D:10     | Entered Level 10 of the Dungeon
 10321 | D:10     | Reached skill level 6 in Fighting
 10629 | D:10     | Reached skill level 7 in Fighting
 10741 | D:10     | Found a glowing golden altar of the Shining One.
 11237 | D:11     | Noticed a two-headed ogre
 11241 | D:11     | Killed a two-headed ogre
 11285 | D:11     | Reached skill level 8 in Fighting
 11551 | D:11     | Noticed a two-headed ogre
 11556 | D:11     | Killed a two-headed ogre
 11627 | D:11     | Found an opulent altar of Gozag.
 12217 | D:12     | Found a staircase to the Orcish Mines.
 12273 | D:12     | Reached XP level 13. HP: 86/94 MP: 0/0
 12273 | D:12     | Learned a level 5 spell: Summon Mana Viper
 12289 | D:12     | Reached skill level 9 in Fighting
 12793 | D:12     | Found Cuiqumug's Distillery.
 12844 | D:12     | Bought a potion of haste for 150 gold pieces
 12844 | D:12     | Bought a potion of haste for 150 gold pieces
 13360 | D:13     | Noticed a centaur warrior
 13368 | D:13     | Killed a centaur warrior
 13369 | D:13     | Reached skill level 10 in Fighting
 13702 | D:13     | Noticed a six-headed hydra
 13708 | D:13     | Killed a six-headed hydra
 13930 | D:13     | Noticed a centaur warrior
 13934 | D:13     | Killed a centaur warrior
 14408 | D:13     | Found Faach's Distillery.
 14419 | D:13     | Bought a potion of invisibility for 120 gold pieces
 14419 | D:13     | Bought a potion of heal wounds for 75 gold pieces
 14659 | Orc:1    | Entered Level 1 of the Orcish Mines
 14805 | Orc:1    | Found a transporter.
 14808 | Orc:1    | Found Saomuomn's Antique Armour Boutique.
 14988 | Orc:1    | Noticed an orc warlord
 15059 | Orc:1    | Killed an orc warlord
 15067 | Orc:1    | Reached skill level 5 in Dodging
 15274 | Orc:1    | Found a transporter.
 15537 | Orc:1    | Bought a scorched ring mail for 189 gold pieces
 15537 | Orc:1    | Identified the +0 ring mail of Summer {+Blink rPois Str-2}
                  | (You bought it in a shop on level 1 of the Orcish Mines)
 15542 | Orc:1    | Bought a pair of spiked gloves for 199 gold pieces
 15542 | Orc:1    | Identified the +0 pair of gloves of Mezcal {rN++ rCorr
                  | Str-3 Dex+2} (You bought it in a shop on level 1 of the
                  | Orcish Mines)
 15560 | Orc:2    | Entered Level 2 of the Orcish Mines
 15591 | Orc:2    | Reached XP level 14. HP: 103/103 MP: 0/0
 15616 | Orc:2    | Noticed an orc warlord
 15637 | Orc:2    | Killed an orc warlord
 15715 | Orc:2    | Found a staircase to the Elven Halls.
 16111 | Orc:2    | Found Sueceoll's Distillery.
 16128 | Orc:2    | Bought a potion of heal wounds for 85 gold pieces
 16160 | Orc:2    | Noticed Erolcha
 16196 | Orc:2    | Killed Erolcha
 16293 | Orc:2    | Found Ruschulup's Magic Scroll Shop.
 16314 | Orc:2    | Bought a scroll of identify for 34 gold pieces
 16314 | Orc:2    | Bought a scroll of teleportation for 51 gold pieces
 16314 | Orc:2    | Bought a scroll of revelation for 127 gold pieces
 16314 | Orc:2    | Bought a scroll of identify for 34 gold pieces
 16314 | Orc:2    | Bought a scroll of fear for 68 gold pieces
 16406 | Orc:2    | Found Roupser's Antique Weapon Emporium.
 16600 | Orc:2    | Found Enudus's Antique Armour Emporium.
 16601 | Orc:2    | Found Layschooth's Jewellery Shoppe.
 16633 | Orc:2    | Bought a crude chain mail for 332 gold pieces
 16633 | Orc:2    | Identified the +7 chain mail "Weenn" {Int+2} (You bought it
                  | in a shop on level 2 of the Orcish Mines)
 16633 | Orc:2    | Bought an ancient robe for 199 gold pieces
 16633 | Orc:2    | Identified the +1 robe of Words of Power {Slay+4 Stlth+}
                  | (You bought it in a shop on level 2 of the Orcish Mines)
 16922 | Lair:1   | Entered Level 1 of the Lair of Beasts
 17207 | Lair:1   | Noticed Gastronok
 17223 | Lair:1   | Killed Gastronok
 17514 | Lair:1   | Noticed Maggie
 17522 | Lair:1   | Killed Maggie
 18112 | Lair:2   | Found a transporter.
 18126 | Lair:2   | Found a bloodstained altar of Trog.
 18147 | Lair:2   | Noticed reriks's ghost (journeyman GrFi)
 18173 | Lair:2   | Found a transporter.
 18202 | Lair:2   | Reached skill level 10 in Spellcasting
 18202 | Lair:2   | Reached skill level 10 in Conjurations
 18202 | Lair:2   | Reached skill level 10 in Hexes
 18202 | Lair:2   | Reached skill level 10 in Summonings
 18202 | Lair:2   | Reached skill level 10 in Necromancy
 18202 | Lair:2   | Reached skill level 10 in Translocations
 18202 | Lair:2   | Reached skill level 10 in Transmutations
 18202 | Lair:2   | Reached skill level 10 in Fire Magic
 18202 | Lair:2   | Reached skill level 10 in Ice Magic
 18202 | Lair:2   | Reached skill level 10 in Air Magic
 18202 | Lair:2   | Reached skill level 10 in Earth Magic
 18202 | Lair:2   | Reached skill level 10 in Poison Magic
 18241 | Lair:2   | Found a staircase to the Swamp.
 18370 | Lair:2   | Identified the ring of Salupp {Wiz Int+2 Slay+3}
 18445 | Lair:2   | Found a hole to the Spider Nest.
 18450 | Lair:2   | Reached skill level 10 in Dodging
 18462 | Lair:2   | Reached XP level 15. HP: 77/109 MP: 0/0
 18462 | Lair:2   | Learned a level 6 spell: Death Channel
 19004 | Lair:2   | Reached skill level 1 in Shields
 19020 | Lair:2   | Killed reriks's ghost
 19415 | Lair:3   | Reached skill level 11 in Fighting
 19887 | Lair:4   | Reached skill level 12 in Fighting
 20078 | Lair:4   | Found a viscous altar of Jiyva.
 20080 | Lair:4   | Found a staircase to the Slime Pits.
 20082 | Lair:4   | Found a gate leading to a gauntlet.
 20091 | Gauntlet | Entered a Gauntlet
 20091 | Gauntlet | Found a transporter.
 20091 | Gauntlet | Found a transporter.
 20092 | Gauntlet | Found a transporter.
 20095 | Gauntlet | Found a transporter.
 20095 | Gauntlet | Found a transporter.
 20095 | Gauntlet | Found a transporter.
 20119 | Gauntlet | Found a transporter.
 20123 | Gauntlet | Found a transporter.
 20135 | Gauntlet | Found a transporter.
 20144 | Gauntlet | Found a transporter.
 20162 | Gauntlet | Found a transporter.
 20166 | Gauntlet | Found a transporter.
 20421 | Gauntlet | Reached skill level 5 in Shields
 20652 | Gauntlet | Identified the +10 trident of Guile {venom, *Noise rF+
                  | Will+ Str+2}
 21506 | Lair:4   | Reached skill level 13 in Fighting
 21942 | Lair:5   | Entered Level 5 of the Lair of Beasts
 21942 | Lair:5   | Noticed Sonja
 21943 | Lair:5   | Killed Sonja
 21973 | Lair:5   | Found a dark tunnel.
 22093 | Volcano  | Entered a volcano
 22272 | Volcano  | Identified the +1 pair of gloves "Godd" {rCorr Int+5}
 22536 | Lair:5   | Reached XP level 16. HP: 116/121 MP: 0/0
 22593 | Lair:5   | Noticed Rupert
 22604 | Lair:5   | Killed Rupert
 22695 | Lair:5   | Reached skill level 14 in Fighting
 23337 | Lair:5   | Identified the +1 trident "Eninne" {drain, *Rage rPois rF-
                  | rC+++}
 24318 | D:14     | Found a gate to the Vaults.
 24334 | D:14     | Reached skill level 15 in Fighting
 24823 | D:14     | Found a shadowy altar of Dithmenos.
 25015 | D:15     | Entered Level 15 of the Dungeon
 25019 | D:15     | Identified the +0 leather armour "Yntock" {Int+3}
 25897 | D:15     | Found a burning altar of Makhleb.
 26050 | D:15     | Found a staircase to the Depths.
 26056 | D:15     | Reached skill level 16 in Fighting
 26554 | Swamp:1  | Entered Level 1 of the Swamp
 26616 | Swamp:1  | Reached XP level 17. HP: 71/133 MP: 0/0
 26616 | Swamp:1  | Learned a level 6 spell: Leda's Unmaking
 27457 | Swamp:2  | Noticed Jorgrun
 27467 | Swamp:2  | Killed Jorgrun
 28451 | Swamp:3  | Noticed a tentacled monstrosity
 28518 | Swamp:3  | Reached skill level 17 in Fighting
 28568 | Swamp:3  | Paralysed by a fenstrider witch for 2 turns
 29035 | Swamp:3  | Noticed a tentacled monstrosity
 29042 | Swamp:3  | Killed a tentacled monstrosity
 29353 | Swamp:3  | Reached skill level 5 in Stealth
 29652 | Swamp:3  | Killed a tentacled monstrosity
 30233 | Swamp:4  | Entered Level 4 of the Swamp
 30442 | Swamp:4  | Noticed a thorn hunter
 30450 | Swamp:4  | Killed a thorn hunter
 30563 | Swamp:4  | Reached XP level 18. HP: 140/143 MP: 0/0
 30973 | Swamp:4  | Reached skill level 15 in Ranged Weapons
 31265 | Swamp:4  | Got a decaying rune of Zot
 31779 | Spider:1 | Entered Level 1 of the Spider Nest
 32210 | Spider:1 | Reached skill level 10 in Shields
 33265 | Spider:1 | Identified the +1 morningstar of Insufficient Pleasure
                  | {venom, Str+3 SInv}
 35079 | Spider:3 | Reached XP level 19. HP: 149/149 MP: 0/0
 35079 | Spider:3 | Learned a level 7 spell: Dragon Form
 36002 | Spider:3 | Identified the +4 great sword of Gallantry {elec, rElec rN+
                  | SInv}
 36386 | Spider:4 | Entered Level 4 of the Spider Nest
 36876 | Spider:4 | Noticed Louise
 36897 | Spider:4 | Killed Louise
 37153 | Spider:4 | Noticed Arachne
 37509 | Spider:4 | Killed Arachne
 38207 | Spider:4 | Slain by a ghost moth

Illustrated notes

Levels and vault maps discovered:
D:1:      erik_arrival_cave_to_civilisation [erik_arrival_cave_to_temple],
          layout_basic, hellmonk_ecumenical_altar_heavens_door, minmay_distorted
D:2:      layout_loops_ring, serial_shops, shop, uniq_crazy_yiuf_cottage,
          uniq_terence
D:3:      layout_basic, kennysheep_path_1, minmay_misc_feat_rugged, uniq_ijyb
D:4:      layout_cave_pods, gammafunk_temple_overflow_elements,
          lemuel_crystal_altar, lemuel_zombie_altar_yredelemnul,
          enter_ossuary_5, serial_bayou_lagoon_b, uniq_blork_the_orc, uniq_robin
D:5:      layout_basic, zin_statuary, mainiacjoe_overflow_paths,
          minmay_temple_entry_poolview, nrook_mini_backslash, minivault_14,
          dk_noncrumbling_4, nicolae_inconvenience_store, nrook_uturn,
          eino_tiny_chamber, minmay_a_box_with_orc_wizards_in_it, uniq_duvessa,
          uniq_pikel, uniq_eustachio
D:6:      layout_loops_cross
D:7:      layout_basic, glass_columns_b, minmay_misc_feat_room, minivault_19
D:8:      layout_loops_ring, nicolae_overflow_crystal_walls,
          erik_lair_orcish_takeover, gammafunk_ghost_arena
D:9:      minmay_the_grid_four_pointed_star_mashed
          [minmay_the_grid_triangle_9x9_dagger,
          minmay_the_grid_triangle_9x9_from_above,
          minmay_the_grid_triangle_9x9_corruption,
          minmay_the_grid_triangle_9x9_zippers_horizontal,
          minmay_the_grid_prize_four_corners_diamond_a], layout_basic,
          serial_park_tiny_2, nicolae_shop_unique_rings
D:10:     layout_gridville, old_standard_altar, tso_metal_star
D:11:     layout_loops_ring, grunt_gozag_breadcrumbs
D:12:     layout_cave_pods, david_orc_4, serial_shops, shop
D:13:     kennysheep_kobold_grotto, layout_basic, serial_shops,
          nicolae_diamond_shop, grunt_ministairs_10, minivault_4,
          minmay_misc_feat_tower
D:14:     layout_roguey, skrybe_vaults_entry_preservation,
          nicolae_dithmenos_through_a_glass_darkly
D:15:     grunt_enter_depths_snipers, layout_long_grid,
          makhleb_altar_promises_db
Lair:1:   beast_lair_carwin_large_2, layout_concentric_octagons,
          grunt_megastairs_5, serial_bayou_shore_b, uniq_maggie, uniq_gastronok
Lair:2:   layout_regular_city, skrybe_swamp_entry_bodies,
          hellmonk_spider_entry_not_the_bees, gammafunk_ghost_wrathful_warriors,
          basic_altar, beast_lair_carwin_5
Lair:3:   layout_roguey
Lair:4:   layout_layer_cave, slime_entry_1, gauntlet_entry_generic,
          lemuel_fruit_fields
Lair:5:   gammafunk_lair_ancient_temple, layout_long_grid,
          nicolae_volcano_entry_lava_flow, grunt_forest_large_clearings,
          infiniplex_staircase_pool, uniq_rupert, uniq_sonja
Swamp:1:  layout_falls_marsh, evilmike_swamp_ruin_house_3
Swamp:2:  layout_basic_swamp, serial_swamp_ruin, evilmike_swamp_ruin_house_2,
          evilmike_swamp_ruin_house_5, nicolae_swamp_dense_foliage, uniq_jorgrun
Swamp:3:  nzn_winding_woodlands_cross [nzn_winding_woodlands_5x15_crooked,
          nzn_winding_woodlands_5x15_eye, nzn_winding_woodlands_5x15_concentric,
          nzn_winding_woodlands_5x15_parted,
          nzn_winding_woodlands_15x15_thick_spiral], layout_falls_marsh,
          nicolae_swamp_small_spring
Swamp:4:  swamp_vile, layout_basic_swamp, infiniplex_staircase_pool_2
Spider:1: layout_chambers
Spider:2: layout_chambers
Spider:3: layout_spider_delve, nicolae_spider_twisty_arc_passages,
          hangedman_spider_tarantella_strand
Spider:4: grunt_spider_rune_parallel, uniq_arachne, uniq_louise
Orc:1:    cheibrodos_orc_arena, layout_caves, serial_shops,
          nicolae_shop_drivethru
Orc:2:    kennysheep_orc_mage_school, layout_caves, serial_shops, shop

Skill      XL: |  1  2  3  4  5  6  7  8  9 10 11 12 13 14 15 16 17 18 19 |
---------------+----------------------------------------------------------+-----
Spellcasting   | 4 5 6 7 8 10 11 12 | 12.3
Conjurations   | 4 5 6 7 8 10 11 12 | 12.3
Hexes          | 4 5 6 7 8 10 11 12 | 12.3
Summonings     | 4 5 6 7 8 10 11 12 | 12.3
Necromancy     | 4 5 6 7 8 10 11 12 | 12.3
Translocations | 4 5 6 7 8 10 11 12 | 12.3
Transmutations | 4 5 6 7 8 10 11 12 | 12.3
Fire Magic     | 4 5 6 7 8 10 11 12 | 12.3
Ice Magic      | 4 5 6 7 8 10 11 12 | 12.3
Air Magic      | 4 5 6 7 8 10 11 12 | 12.3
Earth Magic    | 4 5 6 7 8 10 11 12 | 12.3
Poison Magic   | 4 5 6 7 8 10 11 12 | 12.3
Fighting       | 1 3 5 8 10 13 16 17 | 17.7
Staves         | 1 2 |  2.9
Ranged Weapons | 1 6 9 11 13 14 15 | 15.0
Dodging        | 5 10 12 14 | 14.6
Shields        | 6 9 11 13 | 13.2
Stealth        | 5 6 |  6.3

Action                     |  1- 3 |  4- 6 |  7- 9 | 10-12 | 13-15 | 16-18 | 19-21 || total
---------------------------+-------+-------+-------+-------+-------+-------+-------++-------
  Melee: Mace              |     6 |       |       |       |       |       |       ||     6
         Quarterstaff      |       |    69 |    72 |    11 |     9 |       |       ||   161
   Fire: Greatsling        |       |       |    99 |   626 |   942 |  1057 |   309 ||  3033
   Cast: Foxfire           |    25 |    31 |    61 |       |       |       |       ||   117
         Scorch            |     2 |     3 |     1 |       |       |       |       ||     6
         Volatile Blastmot |       |       |     9 |       |       |       |       ||     9
         Flame Wave        |       |       |     9 |       |       |       |       ||     9
         Summon Mana Viper |       |       |       |       |     8 |    38 |    23 ||    69
         Airstrike         |       |       |       |       |    15 |    58 |    49 ||   122
         Death Channel     |       |       |       |       |     5 |     7 |     9 ||    21
    Use: Scroll            |       |     9 |     4 |     8 |     9 |     7 |     5 ||    42
         Potion            |       |     1 |     2 |     1 |     3 |     8 |     6 ||    21
   Stab: Sleeping          |       |     3 |       |       |       |       |       ||     3
         Petrifying        |       |       |     2 |       |       |       |       ||     2
         Petrified         |       |       |     2 |       |       |       |       ||     2
 Armour: Robe              |     3 |    32 |    82 |   106 |    57 |    80 |    23 ||   383
  Dodge: Dodged            |     7 |    97 |    80 |   136 |   163 |   189 |    90 ||   762
  Block: Kite shield       |       |       |       |       |    29 |   200 |    72 ||   301

Table legend: (Time is in decaauts)
 A = Elapsed time spent in this place.
 B = Non-inter-level travel time spent in this place.
 C = Inter-level travel time spent in this place.
 D = Time resting spent in this place.
 E = Time spent auto-exploring this place.
 F = Levels seen in this place.
 G = Mean time per level.
                   A        B        C        D        E       F      G
               +--------+--------+--------+--------+--------+-----+--------+
         Total |  38990 |  36806 |   2184 |   5968 |  23318 |  33 | 1181.5 |
       Dungeon |  17309 |  15887 |   1422 |   2405 |  10332 |  15 | 1153.9 |
          Lair |   6329 |   5909 |    420 |    328 |   4571 |   5 | 1265.8 |
         Swamp |   5371 |   5188 |    183 |   1442 |   2879 |   4 | 1342.8 |
   Spider Nest |   6703 |   6633 |     70 |   1497 |   3842 |   4 | 1675.8 |
  Orcish Mines |   2054 |   1966 |     88 |     31 |   1389 |   2 | 1027.0 |
       Ossuary |    338 |    338 |      0 |     80 |    110 |   1 |  338.0 |
       Volcano |    286 |    286 |      0 |     38 |     28 |   1 |  286.0 |
      Gauntlet |    597 |    597 |      0 |    145 |    165 |   1 |  597.0 |
               +--------+--------+--------+--------+--------+-----+--------+

Top non-repeatable levels by time:
Spider:1: 2112 daAuts
 Swamp:2: 1704 daAuts
  Lair:4: 1698 daAuts
 Swamp:3: 1673 daAuts
Spider:4: 1672 daAuts
Spider:3: 1587 daAuts
     D:5: 1573 daAuts
    D:15: 1394 daAuts
     D:4: 1385 daAuts
  Lair:5: 1383 daAuts
     D:8: 1375 daAuts
 Swamp:4: 1363 daAuts
    D:14: 1354 daAuts
Spider:2: 1332 daAuts
    D:13: 1325 daAuts
